 Dungeon Crawl Stone Soup version 0.28-a0-167-g7eff39e849 (webtiles) character file.

Game seed: 2600160730325855069

5306 Nattfarinn the Chucker (level 10, -11/74 HPs)
             Began as a Gnoll Wanderer on Aug 16, 2021.
             Was an Elder of Okawaru.
             Mangled by Snorg (15 damage)
             ... on level 10 of the Dungeon.
             The game lasted 00:21:57 (15770 turns).

Nattfarinn the Chucker (Gnoll Wanderer)            Turns: 15770, Time: 00:21:57

Health: -11/74     AC:  2    Str: 12    XL:     10   Next: 64%
Magic:  16/19      EV: 22    Int: 15    God:    Okawaru [****..]
Gold:   268        SH:  0    Dex: 16    Spells: 17/21 levels left

rFire   . . .      SeeInvis .     - Unarmed
rCold   . . .      Faith    .   (shield currently unavailable)
rNeg    . . .      Spirit   .   (armour currently unavailable)
rPois   x          Reflect  .   (helmet currently unavailable)
rElec   .          Harm     .   (cloak currently unavailable)
rCorr   .          Rampage  .   (gloves currently unavailable)
Will    .....                   (boots currently unavailable)
Stlth   +++.......              (no amulet)
HPRegen 0.22/turn               (no ring)
MPRegen 0.16/turn               (no ring)

@: spider-form
A: venomous fangs, tiny, (fangs 1), strong nose, distributed training
a: End Transformation, Renounce Religion, Heroism


You were on level 10 of the Dungeon.
You worshipped Okawaru.
Okawaru was greatly pleased with you.
You were a venomous arachnid creature.
You visited 2 branches of the dungeon, and saw 12 of its levels.

You collected 394 gold pieces.
You spent 126 gold pieces at shops.

Inventory:

Hand Weapons
 a - a +0 club
 u - a +2 whip of venom (melded)
Armour
 b - a +0 robe (melded)
 c - a +2 pair of gloves (melded)
 x - the +2 helmet of the Scribe (melded) {Rampage rN+ Dex-4 Stlth+}
   (You found it on level 6 of the Dungeon)

   Dex:       It affects your dexterity (-4).
   rN:        It protects you from negative energy.
   Rampage:   It bestows one free step when moving towards enemies.
   Stlth:     It makes you more stealthy.
 E - a +1 buckler (melded)
Jewellery
 j - a ring of protection from cold
 C - a ring of protection from cold
 G - a ring of positive energy
 H - a ring of protection from cold
Wands
 h - a wand of digging (5)
 k - a wand of paralysis (4)
 p - a wand of polymorph (12)
 w - a wand of iceblast (8)
 y - a wand of acid (20)
 z - a wand of flame (22)
Scrolls
 e - 2 scrolls of summoning
 f - 2 scrolls of vulnerability {unknown}
 g - 3 scrolls of identify
 i - a scroll of enchant weapon {unknown}
 l - a scroll of teleportation
 m - 2 scrolls of amnesia
 n - a scroll of silence {unknown}
 o - a scroll of fog {unknown}
 t - 2 scrolls of fear {unknown}
 v - a scroll of magic mapping {unknown}
 I - 2 scrolls of holy word {unknown}
 K - a scroll of acquirement {unknown}
Potions
 d - 2 potions of brilliance
 q - a potion of mutation {unknown}
 r - a potion of haste {unknown}
 s - a potion of degeneration {unknown}
 A - a potion of flight {unknown}
 B - a potion of magic {unknown}
 D - a potion of lignification {unknown}
 F - a potion of might {unknown}
 J - a potion of curing


   Skills:
 + Level 5.4 Fighting
 + Level 5.4 Short Blades
 + Level 5.4 Long Blades
 + Level 5.4 Axes
 + Level 5.4 Maces & Flails
 + Level 5.4 Polearms
 + Level 5.4 Staves
 + Level 5.4 Slings
 + Level 5.4 Bows
 + Level 5.4 Crossbows
 + Level 7.2 Throwing
 + Level 5.4 Armour
 + Level 5.4 Dodging
 + Level 5.4 Stealth
 + Level 5.4 Shields
 + Level 5.4 Unarmed Combat
 + Level 6.2 Spellcasting
 + Level 4.5 Conjurations
 + Level 4.5 Hexes
 + Level 4.5 Summonings
 + Level 6.0 Necromancy
 + Level 5.0 Translocations
 + Level 4.5 Transmutations
 + Level 7.2 Fire Magic
 + Level 4.5 Ice Magic
 + Level 5.0 Air Magic
 + Level 4.5 Earth Magic
 + Level 4.5 Poison Magic
 + Level 6.0 Invocations
 + Level 5.4 Evocations


You had 17 spell levels left.
You knew the following spells:

 Your Spells              Type           Power      Damage    Failure   Level
a - Foxfire               Conj/Fire      88%        2x1d8     6%          1
b - Spider Form           Tmut/Pois      9%         N/A       19%         3

Your spell library contained the following spells:

 Spells                   Type           Power      Damage    Failure   Level
 Sublimation of Blood     Necr           11%        N/A       8%          2
 Sting                    Tmut/Pois      72%        1d6       9%          1
 Corpse Rot               Necr/Air       N/A        N/A       9%          2
 Conjure Flame            Conj/Fire      22%        6-21      12%         3
 Inner Flame              Hex/Fire       22%        N/A       12%         3
 Ignite Poison            Fire/Tmut/Pois 20%        N/A       14%         3
 Sticky Flame             Conj/Fire      22%        2d4       30%         4
 Animate Armour           Summ/Erth      36%        N/A       43%         4
 Fireball                 Conj/Fire      11%        3d7       56%         5
 Blade Hands              Tmut           9%         N/A       75%         5
 Iskenderun's Battlesphe  Conj           18%        2d7       75%         5
 Iron Shot                Conj/Erth      9%         9d3       99%         6
 Spellforged Servitor     Conj/Summ      9%         N/A       100%        7


Dungeon Overview and Level Annotations

Branches:
Dungeon (11/15)            Temple (1/1) D:6             Orc (0/2) D:9
   Lair: D:8-11

Altars:
Ashenzari
Cheibriados
Elyvilon
Fedhas
Gozag
Hepliaklqana
Kikubaaqudgha
Nemelex Xobeh
Okawaru
Ru
Sif Muna
Trog
Uskayaw
Vehumet
Wu Jian
Xom
Zin
The Shining One

Shops:
D:3 (   D:4 ?[

Annotations:
D:3 3 runed translucent doors, motoroller71's ghost, amateur GrFi
D:10 Snorg


Innate Abilities, Weirdness & Mutations

You are a venomous arachnid creature.
You have poisonous fangs.
You are tiny and dextrous.
Your spellcasting is less reliable in this form.
Your armour is entirely melded.
You are incapable of wielding weapons or throwing items.
((You have very sharp teeth.))
Your uncanny sense of smell can sniff out nearby items.
Your experience applies equally to all skills.


Message History

Your +2 pair of gloves unmelds from your body.
Your +1 buckler unmelds from your body.
Your +0 robe unmelds from your body.
Your +2 whip of venom begins to drip with poison!
You start resting.
HP restored.
(D) Dungeon (T) Temple (O) Orcish Mines
Where to? (Enter - D:9, ? - help)
There is a stone staircase leading up here.
You climb upwards.
Snorg the Insatiable comes into view.
Found a scroll of enchant armour and a leather armour.
Found a stone staircase leading up.
There is a stone staircase leading down here.
Casting: Spider Form (dangerous; 7% risk of failure)
Confirm with . or Enter, or press ? or * to list all spells.
Okay, then.
Unknown command.
Okay, then.
Casting: Spider Form (dangerous; 7% risk of failure)
Confirm with . or Enter, or press ? or * to list all spells.
You turn into a venomous arachnid creature.
Your +2 whip of venom melds into your body.
The +2 helmet of the Scribe {Rampage rN+ Dex-4 Stlth+} melds into your body.
Your +2 pair of gloves melds into your body.
Your +1 buckler melds into your body.
Your +0 robe melds into your body.
Your +2 whip of venom stops dripping with poison.
You barely miss Snorg.
Snorg goes berserk!
You barely miss Snorg. Snorg bites you!! Snorg claws you! x2
* * * LOW HITPOINT WARNING * * *
You barely miss Snorg. Snorg completely misses you. Snorg claws you.
* * * LOW HITPOINT WARNING * * *
Snorg misses you.
You barely miss Snorg. Snorg misses you. Snorg barely misses you.
Snorg closely misses you. Snorg completely misses you. Snorg claws you!
* * * LOW HITPOINT WARNING * * *
Snorg completely misses you.
You hit Snorg.
Snorg is poisoned.
Snorg is lightly wounded.
Snorg bites you but does no damage. Snorg claws you!
You die...

..#[# ##
.#.# #<.
...#
##.##..###
........
..... #..#
#s# #T#
#.# ..# ∆
... #?#.
#. . #. ..


You could see Snorg (berserk, very poisoned).

Vanquished Creatures
  A cyclops (D:7)
  Maggie (D:6)
  Joseph (D:9)
  A troll (D:11)
  Grinder (D:3)
  2 hornets
  Prince Ribbit (D:9)
  A wyvern (D:9)
  Menkaure (D:6)
  3 water moccasins
  An orc warrior (D:8)
  A black bear (D:6)
  2 ice beasts
  2 necrophages
  2 sky beasts (D:7)
  A centaur (D:6)
  4 lemures
  2 phantoms (D:4)
  A kobold brigand (D:8)
  2 bullfrogs
  2 scorpions
  3 wights
  4 killer bees (D:8)
  3 howler monkeys (D:8)
  A bullfrog zombie (D:6)
  A hound (D:6)
  3 centaur zombies
  2 jellies
  A centaur skeleton (D:7)
  2 orc priests
  A bullfrog skeleton (D:4)
  Jessica (D:3)
  Ijyb (D:3)
  13 orc wizards
  5 iguanas
  A killer bee zombie (D:7)
  A howler monkey zombie (D:6)
  4 gnolls (D:4)
  7 adders
  2 shadow imps
  2 white imps
  2 worms
  2 dart slugs
  22 orcs
  4 bats
  10 endoplasms
  2 giant cockroaches
  4 goblins
  9 hobgoblins
  9 jackals
  9 kobolds
  2 quokkas
  5 ball pythons
  5 frilled lizards
  A quokka skeleton (D:4)
  10 rats
187 creatures vanquished.

Vanquished Creatures (others)
  987 foxfires
987 creatures vanquished.

Grand Total: 1174 creatures vanquished

Notes
Turn   | Place    | Note
-------+----------+-------------------------------------------
     0 | D:1      | Nattfarinn the Gnoll Wanderer began the quest for the Orb.
     0 | D:1      | Nattfarinn set off with the following items: a +0 club, a
                  | +0 robe; and the following spells available to memorise:
                  | Foxfire, Sublimation of Blood, Corpse Rot, Sting, Conjure
                  | Flame, Inner Flame, Spider Form, Sticky Flame, Fireball
     0 | D:1      | Reached XP level 1. HP: 13/13 MP: 4/4
     2 | D:1      | Learned a level 1 spell: Foxfire
   231 | D:1      | Reached XP level 2. HP: 19/19 MP: 1/5
   825 | D:1      | Found a faded altar of an unknown god.
  1124 | D:1      | Reached XP level 3. HP: 21/25 MP: 2/7
  1703 | D:2      | Reached skill level 1 in Invocations
  2021 | D:2      | Reached skill level 1 in Fighting
  2021 | D:2      | Reached skill level 1 in Short Blades
  2021 | D:2      | Reached skill level 1 in Long Blades
  2021 | D:2      | Reached skill level 1 in Axes
  2021 | D:2      | Reached skill level 1 in Maces & Flails
  2021 | D:2      | Reached skill level 1 in Polearms
  2021 | D:2      | Reached skill level 1 in Staves
  2021 | D:2      | Reached skill level 1 in Slings
  2021 | D:2      | Reached skill level 1 in Bows
  2021 | D:2      | Reached skill level 1 in Crossbows
  2021 | D:2      | Reached skill level 1 in Armour
  2021 | D:2      | Reached skill level 1 in Dodging
  2021 | D:2      | Reached skill level 1 in Stealth
  2021 | D:2      | Reached skill level 1 in Shields
  2021 | D:2      | Reached skill level 1 in Unarmed Combat
  2021 | D:2      | Reached skill level 1 in Evocations
  2021 | D:2      | Reached XP level 4. HP: 32/32 MP: 2/8
  2900 | D:3      | Found a runed translucent gate.
  2901 | D:3      | Found a runed translucent gate.
  2902 | D:3      | Found a runed translucent gate.
  2903 | D:3      | Noticed motoroller71's ghost (amateur GrFi)
  3008 | D:3      | Noticed Jessica
  3012 | D:3      | Killed Jessica
  3013 | D:3      | Reached skill level 1 in Conjurations
  3013 | D:3      | Reached skill level 1 in Hexes
  3013 | D:3      | Reached skill level 1 in Summonings
  3013 | D:3      | Reached skill level 1 in Transmutations
  3013 | D:3      | Reached skill level 1 in Ice Magic
  3013 | D:3      | Reached skill level 1 in Earth Magic
  3013 | D:3      | Reached skill level 1 in Poison Magic
  3040 | D:3      | Reached XP level 5. HP: 23/37 MP: 1/9
  3176 | D:3      | Found Ohereipp's Weapon Shop.
  3299 | D:3      | Noticed Ijyb
  3559 | D:3      | Noticed Grinder
  3562 | D:3      | Paralysed by Grinder for 5 turns
  3576 | D:3      | Killed Grinder
  3577 | D:3      | Reached skill level 5 in Throwing
  3577 | D:3      | Reached XP level 6. HP: 22/44 MP: 1/11
  4035 | D:3      | Killed Ijyb
  4476 | D:4      | Found a sacrificial altar of Ru.
  4501 | D:4      | Found Dakid's Magic Scroll Shop.
  4523 | D:4      | Reached XP level 7. HP: 10/50 MP: 8/12
  4784 | D:4      | Bought a scroll of blinking for 90 gold pieces
  4784 | D:4      | Bought a scroll of teleportation for 36 gold pieces
  6667 | D:4      | Found Qait's Antique Armour Boutique.
  6884 | D:5      | Entered Level 5 of the Dungeon
  7045 | D:5      | Reached XP level 8. HP: 57/57 MP: 10/14
  7108 | D:5      | Found an ornate altar of the Wu Jian Council.
  7781 | D:5      | Found a blossoming altar of Fedhas.
  7834 | D:6      | Found a staircase to the Ecumenical Temple.
  7851 | Temple   | Entered the Ecumenical Temple
  8163 | Temple   | Became a worshipper of Warmaster Okawaru
  8415 | D:6      | Found a snail-covered altar of Cheibriados.
  8600 | D:6      | Identified the +2 helmet of the Scribe {Rampage rN+ Dex-4
                  | Stlth+}
  8794 | D:6      | Noticed Maggie
  8814 | D:6      | Killed Maggie
  8814 | D:6      | Reached * piety under Okawaru
  9133 | D:6      | Noticed Menkaure
  9138 | D:6      | Killed Menkaure
  9139 | D:6      | Reached skill level 5 in Necromancy
  9139 | D:6      | Reached XP level 9. HP: 65/65 MP: 1/16
  9542 | D:6      | Found a shimmering blue altar of Sif Muna.
  9880 | D:7      | Reached skill level 5 in Spellcasting
 10307 | D:7      | Noticed a cyclops
 10656 | D:7      | Learned a level 3 spell: Spider Form
 10988 | D:7      | Reached ** piety under Okawaru
 11172 | D:7      | Killed a cyclops
 11470 | D:7      | Noticed a hornet
 11480 | D:7      | Killed a hornet
 11481 | D:7      | Reached skill level 5 in Invocations
 12840 | D:8      | Found a white marble altar of Elyvilon.
 12889 | D:8      | Noticed a hornet
 12896 | D:8      | Killed a hornet
 12956 | D:8      | Reached XP level 10. HP: 37/73 MP: 12/18
 13331 | D:8      | Reached *** piety under Okawaru
 13352 | D:8      | Reached skill level 5 in Fighting
 13352 | D:8      | Reached skill level 5 in Short Blades
 13352 | D:8      | Reached skill level 5 in Long Blades
 13352 | D:8      | Reached skill level 5 in Axes
 13352 | D:8      | Reached skill level 5 in Maces & Flails
 13352 | D:8      | Reached skill level 5 in Polearms
 13352 | D:8      | Reached skill level 5 in Staves
 13352 | D:8      | Reached skill level 5 in Slings
 13352 | D:8      | Reached skill level 5 in Bows
 13352 | D:8      | Reached skill level 5 in Crossbows
 13352 | D:8      | Reached skill level 5 in Armour
 13352 | D:8      | Reached skill level 5 in Dodging
 13352 | D:8      | Reached skill level 5 in Stealth
 13352 | D:8      | Reached skill level 5 in Shields
 13352 | D:8      | Reached skill level 5 in Unarmed Combat
 13352 | D:8      | Reached skill level 5 in Evocations
 14131 | D:9      | Found a staircase to the Orcish Mines.
 14180 | D:9      | Noticed Joseph
 14371 | D:9      | Killed Joseph
 14836 | D:9      | Noticed Prince Ribbit
 14844 | D:9      | Killed Prince Ribbit
 14894 | D:9      | Reached skill level 5 in Translocations
 14894 | D:9      | Reached skill level 5 in Air Magic
 14957 | D:9      | Reached **** piety under Okawaru
 15452 | D:9      | You fall into a shaft and drop 2 floors!
 15764 | D:10     | Entered Level 10 of the Dungeon
 15764 | D:10     | Noticed Snorg
 15770 | D:10     | Mangled by Snorg

Illustrated notes

Levels and vault maps discovered:
D:1:      minmay_arrival_five_plusses, layout_loops_ring,
          shapermc_ecumenical_altar_mp_ritualfount
D:2:      layout_rooms, dk_noncrumbling_2, serial_park_tiny_1
D:3:      layout_basic, serial_shops, shop, gammafunk_ghost_necromancy,
          uniq_ijyb, uniq_jessica, uniq_grinder
D:4:      minmay_inner_zag, layout_cave_pods, nicolae_ru_sacrificial_ziggurat,
          serial_shops, nicolae_square_shop, shop, kennysheep_generic_room_6
D:5:      layout_rooms, mainiacjoe_overflow_alcove_4,
          nicolae_wu_jian_wuxing_cycle, kennysheep_small_square
D:6:      layout_cave_pools, kennysheep_mini, kennysheep_slug_shrine,
          minmay_temple_entry_drinking_statues, uniq_menkaure, uniq_maggie
D:7:      layout_basic, st_stairs_9, grunt_ministairs_10
D:8:      layout_basic, mainiacjoe_overflow_surrounded_room
D:9:      minmay_flawed_box, layout_rooms, orc_0_dummy, grunt_decor_cap,
          uniq_joseph, uniq_pikel, uniq_prince_ribbit1
D:10:     layout_basic, nicolae_qazlal_scattered_showers,
          chequers_temple_overflow_statue_of_worship, dpeg_oklobed_lair,
          chequers_serial_rivers_room_b, feat_on_display, uniq_grum, uniq_snorg
D:11:     layout_roguey, nicolae_trove_entry_free_sample, kennysheep_nondescript
Temple:   minmay_temple_forest_path

Skill      XL: |  1  2  3  4  5  6  7  8  9 10 |
---------------+-------------------------------+-----
Translocations | 2 3 4 5 |  5.0
Air Magic      | 2 3 4 5 |  5.0
Invocations    | 1 2 3 4 5 6 |  6.0
Fighting       | 1 2 3 4 5 |  5.4
Short Blades   | 1 2 3 4 5 |  5.4
Long Blades    | 1 2 3 4 5 |  5.4
Axes           | 1 2 3 4 5 |  5.4
Maces & Flails | 1 2 3 4 5 |  5.4
Polearms       | 1 2 3 4 5 |  5.4
Staves         | 1 2 3 4 5 |  5.4
Slings         | 1 2 3 4 5 |  5.4
Bows           | 1 2 3 4 5 |  5.4
Crossbows      | 1 2 3 4 5 |  5.4
Armour         | 1 2 3 4 5 |  5.4
Dodging        | 1 2 3 4 5 |  5.4
Stealth        | 1 2 3 4 5 |  5.4
Shields        | 1 2 3 4 5 |  5.4
Unarmed Combat | 1 2 3 4 5 |  5.4
Evocations     | 1 2 3 4 5 |  5.4
Spellcasting   | 3 4 5 6 |  6.2
Conjurations   | 1 2 3 4 |  4.5
Hexes          | 1 2 3 4 |  4.5
Summonings     | 1 2 3 4 |  4.5
Transmutations | 1 2 3 4 |  4.5
Ice Magic      | 1 2 3 4 |  4.5
Earth Magic    | 1 2 3 4 |  4.5
Poison Magic   | 1 2 3 4 |  4.5
Throwing       | 5 6 7 |  7.2
Necromancy     | 4 5 6 |  6.0
Fire Magic     | 6 7 |  7.2

Action                   |  1- 3 |  4- 6 |  7- 9 | 10-12 || total
-------------------------+-------+-------+-------+-------++-------
Melee: Club              |    13 |    23 |    41 |       ||    77
       Bite              |     1 |     3 |     6 |     6 ||    16
       Whip              |       |       |   100 |    31 ||   131
       Unarmed           |       |       |    36 |    77 ||   113
 Cast: Foxfire           |    99 |   104 |   267 |   131 ||   601
       Spider Form       |       |       |     6 |     9 ||    15
  Use: Potion            |       |     5 |     3 |       ||     8
       Scroll            |       |       |     6 |     2 ||     8
 Stab: Sleeping          |       |       |     3 |     1 ||     4
       Distracted        |       |       |       |     1 ||     1
Armor: Robe              |     6 |     4 |    39 |    17 ||    66
       Skin              |       |       |     1 |     4 ||     5
Dodge: Dodged            |    27 |    13 |   144 |    97 ||   281
Block: Buckler           |       |       |     3 |    14 ||    17

Table legend: (Time is in decaauts)
 A = Elapsed time spent in this place.
 B = Non-inter-level travel time spent in this place.
 C = Inter-level travel time spent in this place.
 D = Time resting spent in this place.
 E = Time spent auto-exploring this place.
 F = Levels seen in this place.
 G = Mean time per level.
                   A        B        C        D        E       F      G
               +--------+--------+--------+--------+--------+-----+--------+
         Total |  15775 |  14652 |   1123 |   2301 |  10580 |  12 | 1314.6 |
       Dungeon |  15405 |  14354 |   1051 |   2301 |  10283 |  11 | 1400.5 |
        Temple |    370 |    298 |     72 |      0 |    297 |   1 |  370.0 |
               +--------+--------+--------+--------+--------+-----+--------+

Top non-repeatable levels by time:
     D:7: 2903 daAuts
     D:4: 2505 daAuts
     D:8: 1797 daAuts
     D:3: 1681 daAuts
     D:1: 1511 daAuts
     D:6: 1457 daAuts
     D:2: 1204 daAuts
     D:5: 1127 daAuts
     D:9: 899 daAuts
  Temple: 370 daAuts
    D:11: 310 daAuts
    D:10: 5 daAuts
